 Dungeon Crawl Stone Soup version 0.29.1-15-g9cfb28693d (webtiles) character file.

Game seed: 12146951274195173852

15733 Peloso the Carver (level 12, -5/108 HPs)
             Began as a Minotaur Fighter on Mar 19, 2023.
             Was a High Priest of Okawaru.
             Slain by a thrashing horror (12 damage)
             ... on level 2 of the Abyss.
             The game lasted 00:30:51 (14292 turns).

Peloso the Carver (Minotaur Fighter)               Turns: 14292, Time: 00:30:52

Health: -5/108     AC: 23    Str: 23    XL:     12   Next: 3%
Magic:  11/11      EV:  8    Int:  5    God:    Okawaru [*****.]
Gold:   1428       SH:  6    Dex: 13    Spells: 11/11 levels left

rFire   + . .      SeeInvis +   a - +2 scimitar (vorpal)
rCold   . . .      Faith    +   d - +0 buckler
rNeg    . . .      Spirit   .   T - +0 plate armour {rF+}
rPois   .          Reflect  .   R - +1 hat {Stlth+}
rElec   .          Harm     .   y - +0 cloak
rCorr   +          Rampage  .   N - +0 pair of gloves
Will    .....                   H - +2 pair of boots {Fly}
Stlth   ..........              f - amulet of faith
HPRegen 0.28/turn               q - ring of resist corrosion
MPRegen 0.12/turn               m - ring of see invisible

@: flying
A: horns 2, retaliatory headbutt
a: Renounce Religion, Heroism, Finesse, Duel


You were on level 2 of the Abyss.
You worshipped Okawaru.
Okawaru was extremely pleased with you.
You visited 3 branches of the dungeon, and saw 14 of its levels.
You visited the Abyss 1 time.
You also visited: Bailey and Volcano.

You collected 1428 gold pieces.

Inventory:

Hand Weapons
 a - a +2 vorpal scimitar (weapon)
 b - a +0 battleaxe of flaming
 S - a +1 hand crossbow of flaming
Armour
 c - a +2 chain mail of fire resistance
 d - a +0 buckler (worn)
 y - a +0 cloak (worn)
 E - the +0 chain mail of Shadows and Fog {rPois Stlth+}
   (You found it on level 6 of the Dungeon)

   rPois:     It protects you from poison.
   Stlth:     It makes you more stealthy.
 H - a +2 pair of boots of flying (worn)
 N - a +0 pair of gloves (worn)
 R - a +1 hat of stealth (worn)
 T - a +0 plate armour of fire resistance (worn)
Jewellery
 f - an amulet of faith (around neck)
 i - a ring of ice
 m - a ring of see invisible (right hand)
 q - a ring of resist corrosion (left hand)
 r - an amulet of reflection
Wands
 x - a wand of roots (5)
 C - a wand of quicksilver (8)
 J - a wand of flame (7)
Scrolls
 e - a scroll of noise {unknown}
 g - 9 scrolls of teleportation
 l - a scroll of summoning {unknown}
 n - a scroll of enchant armour {unknown}
 p - a scroll of fear {unknown}
 s - a scroll of brand weapon {unknown}
 u - 2 scrolls of magic mapping
 B - a scroll of amnesia {unknown}
 D - a scroll of butterflies {unknown}
 F - a scroll of enchant weapon {unknown}
 K - a scroll of silence {unknown}
 L - a scroll of immolation {unknown}
 O - a scroll of poison {unknown}
Potions
 h - 2 potions of brilliance
 j - 4 potions of curing
 k - 3 potions of haste
 o - a potion of might
 t - a potion of lignification
 v - 2 potions of resistance
 w - 4 potions of mutation
 z - 4 potions of attraction {unknown}
 A - 3 potions of heal wounds {unknown}
 G - 4 potions of flight
 I - a potion of cancellation {unknown}
 M - a potion of berserk rage {unknown}
 Q - a potion of ambrosia
Miscellaneous
 P - a phantom mirror


   Skills:
 + Level 10.6 Fighting
 + Level 14.7 Long Blades
 + Level 12.1 Armour
 + Level 4.3 Dodging
 + Level 1.1 Stealth
 + Level 9.3 Shields
 + Level 0.2 Unarmed Combat
 + Level 1.1 Invocations
 + Level 1.2 Evocations


You had 11 spell levels left.
You didn't know any spells.
Your spell library contained the following spells:

 Spells                   Type           Power      Damage    Failure   Level
 Ensorcelled Hibernation  Hex/Ice        0%         N/A       100%        2
 Portal Projectile        Hex/Tloc       0%         N/A       100%        3
 Spider Form              Tmut/Pois      0%         N/A       100%        3
 Anguish                  Hex/Necr       0%         N/A       100%        4
 Fulminant Prism          Conj/Hex       0%         3d6       100%        4
 Leda's Liquefaction      Hex/Erth       0%         N/A       100%        4
 Lehudib's Crystal Spear  Conj/Erth      0%         10d2      100%        8
 Necromutation            Tmut/Necr      0%         N/A       100%        8
 Call Canine Familiar     Summ           Unusable   N/A       N/A         3
 Summon Forest            Summ/Tloc      Unusable   N/A       N/A         5
 Summon Mana Viper        Hex/Summ       Unusable   N/A       N/A         5
 Summon Cactus Giant      Summ           Unusable   N/A       N/A         6

Dungeon Overview and Level Annotations

Branches:
Dungeon (11/15)            Temple (1/1) D:5            Lair (2/5) D:11
    Orc (0/2) D:10         Bailey (visited)         Volcano (visited)
  Swamp: Lair:2-3    Shoals: Lair:2-3     Snake: Lair:2-3    Spider: Lair:2-3

Altars:
Ashenzari
Cheibriados
Dithmenos
Elyvilon
Fedhas
Gozag
Hepliaklqana
Kikubaaqudgha
Makhleb
Nemelex Xobeh
Okawaru
Qazlal
Ru
Sif Muna
Trog
Uskayaw
Vehumet
Wu Jian
Xom
Yredelemnul
Zin
The Shining One

Shops:
D:7 *

Annotations:
D:3 3 runed translucent doors, Joebban's ghost, weakling DjFE
D:4 2 transporters


Innate Abilities, Weirdness & Mutations

You have a pair of horns on your head.
You reflexively headbutt those who attack you in melee.


Message History

You hit the thrashing horror. You headbutt the thrashing horror.
The thrashing horror is almost destroyed.
The thrashing horror no longer looks unusually strong.
The thrashing horror tramples you but does no damage. x2
You barely miss the thrashing horror.
Your headbutt misses the thrashing horror.
The thrashing horror is almost destroyed.
You block the thrashing horror's attack.
The thrashing horror tramples you.
* * * LOW HITPOINT WARNING * * *
You hold your ground!
You barely miss the thrashing horror. You headbutt the thrashing horror.
The thrashing horror is almost destroyed.
The thrashing horror tramples you but does no damage. x2
The thrashing horror tramples you but does no damage.
The thrashing horror tramples you.
* * * LOW HITPOINT WARNING * * *
You hold your ground!
You closely miss the thrashing horror.
Your headbutt misses the thrashing horror.
The thrashing horror is almost destroyed.
The thrashing horror barely misses you.
The thrashing horror completely misses you.
Unknown command.
You hit the thrashing horror but do no damage.
The thrashing horror is almost destroyed.
The thrashing horror tramples you but does no damage.
The thrashing horror barely misses you.
The thrashing horror roars!
The thrashing horror tramples you but does no damage.
You block the thrashing horror's attack.
You hit the thrashing horror but do no damage.
The thrashing horror is almost destroyed.
The thrashing horror tramples you.
* * * LOW HITPOINT WARNING * * *
You are shoved backwards!
The thrashing horror tramples you but does no damage.
You block the thrashing horror's attack.
The thrashing horror tramples you!
You die...

.## . #.# #
..# . ..# #
. ##. #.##..
#
#.###.....#.
.#
###.....#.
...#.
.#...###..#
# .#
#.###..#..#
#...#...
#.....# ##
.. # #.#
#.###@##. #
.... . #
##X...#...
#.# #.
#.#..#.##. #
# #.# .##
..# . #.#...
...#### . ..
. #. .##.# #
. #. .. . .#
.##. . # .#.
..#. . . #.
.#..##. ..


You could see a thrashing horror.

Vanquished Creatures
  A dancing weapon (Volcano)
  2 two-headed ogres (D:9)
  Amaemon (D:8)
  3 wizards (Volcano)
  Pikel (D:7)
  An oklob plant (D:11)
  2 manticores
  A large abomination (Abyss:2)
  5 toenail golems (Volcano)
  A gargoyle (D:10)
  Maggie (D:6)
  An orange demon (D:8)
  Psyche (D:9)
  2 trolls
  Grinder (D:6)
  A raiju (Abyss:2)
  A vampire (D:11)
  2 wraiths (D:10)
  4 yaks (D:8)
  2 shadows
  3 wyverns
  A fire bat (Abyss:2)
  4 small abominations (Abyss:2)
  4 vampire mosquitoes (D:11)
  A steam dragon (D:9)
  2 acid dragons
  Duvessa (D:7)
  9 orc warriors
  A sky beast (D:7)
  2 ogres
  5 centaurs (D:11)
  A phantom (D:5)
  Blork the orc (D:5)
  3 bullfrogs
  A necrophage (D:4)
  2 scorpions
  Dowan (D:7)
  A howler monkey (D:11)
  A jelly (D:6)
  Crazy Yiuf (D:3)
  5 orc priests
  3 hounds
  Jessica (D:3)
  Terence (D:2)
  4 iguanas
  18 orc wizards
  8 gnolls
  7 adders
  A shadow imp (D:6)
  2 white imps
  A dart slug (D:2)
  32 orcs
  10 ball pythons
  A bat (D:1)
  8 endoplasms
  3 giant cockroaches
  13 goblins
  13 hobgoblins
  6 jackals
  18 kobolds
  6 quokkas
  2 frilled lizards
  8 rats
  A bush (D:3)
  A butterfly (D:10)
252 creatures vanquished.

Vanquished Creatures (others)
  6 fungi (D:3)
  8 plants
14 creatures vanquished.

Grand Total: 266 creatures vanquished

Notes
Turn   | Place    | Note
-------+----------+-------------------------------------------
     0 | D:1      | Peloso the Minotaur Fighter began the quest for the Orb.
     0 | D:1      | Reached XP level 1. HP: 19/19 MP: 0/0
   220 | D:1      | Reached XP level 2. HP: 26/27 MP: 1/1
   380 | D:1      | Found a faded altar of an unknown god.
   824 | D:1      | Reached XP level 3. HP: 23/33 MP: 2/2
   928 | D:1      | Reached skill level 3 in Long Blades
  1296 | D:2      | Reached XP level 4. HP: 40/40 MP: 3/3
  1510 | D:2      | Noticed Terence
  1524 | D:2      | Killed Terence
  1525 | D:2      | Reached skill level 4 in Long Blades
  1777 | D:2      | Reached XP level 5. HP: 46/46 MP: 4/4
  2428 | D:3      | Found a runed translucent gate.
  2428 | D:3      | Found a runed translucent gate.
  2428 | D:3      | Found a runed translucent gate.
  2429 | D:3      | Noticed Joebban's ghost (weakling DjFE)
  2532 | D:3      | Noticed Jessica
  2537 | D:3      | Killed Jessica
  2759 | D:3      | Found a runed translucent door.
  2760 | D:3      | Noticed Crazy Yiuf
  2846 | D:4      | Reached skill level 5 in Long Blades
  2846 | D:4      | Reached skill level 5 in Armour
  2884 | D:4      | Found a transporter.
  3015 | D:4      | Reached XP level 6. HP: 52/52 MP: 5/5
  3211 | D:4      | Reached skill level 6 in Long Blades
  3537 | D:4      | Found a transporter.
  3701 | D:5      | Entered Level 5 of the Dungeon
  3781 | D:5      | Reached XP level 7. HP: 56/60 MP: 6/6
  3828 | D:5      | Found a staircase to the Ecumenical Temple.
  3890 | Temple   | Entered the Ecumenical Temple
  4202 | D:5      | Reached skill level 5 in Shields
  4206 | D:5      | Reached skill level 5 in Fighting
  4470 | D:5      | Reached skill level 7 in Long Blades
  5037 | D:3      | Killed Crazy Yiuf
  5038 | D:3      | Reached skill level 1 in Dodging
  5386 | D:6      | Found a bloodstained altar of Trog.
  5467 | D:6      | Noticed Blork the orc
  5497 | D:5      | HP: 3/61 [orc warrior/+0 glaive (21)]
  5798 | D:5      | Reached XP level 8. HP: 43/69 MP: 7/7
  5979 | D:5      | Killed Blork the orc
  6097 | D:6      | Reached skill level 8 in Long Blades
  6213 | D:6      | Noticed Maggie
  6340 | D:6      | Killed Maggie
  6880 | D:6      | Noticed Grinder
  6888 | D:6      | Paralysed by Grinder for 5 turns
  6894 | D:6      | Killed Grinder
  6895 | D:6      | Reached skill level 9 in Long Blades
  7246 | D:6      | Identified the +0 chain mail of Shadows and Fog {rPois
                  | Stlth+}
  7604 | D:7      | Noticed Dowan
  7605 | D:7      | Noticed Duvessa
  7625 | D:7      | Killed Duvessa
  7626 | D:7      | Reached XP level 9. HP: 71/79 MP: 8/8
  7636 | D:7      | Killed Dowan
  7648 | D:7      | Reached skill level 10 in Long Blades
  7862 | D:7      | Found a flagged portal.
  7877 | Bailey   | Entered a bailey
  8489 | Bailey   | Got the Papyrus of Transformed Attacks
  9009 | D:7      | Found Galing's General Store.
  9078 | D:7      | Found a glowing golden altar of the Shining One.
  9258 | D:8      | Noticed Amaemon
  9294 | D:8      | Killed Amaemon
  9294 | D:8      | Noticed an orange demon
  9295 | D:8      | Reached skill level 11 in Long Blades
  9309 | D:8      | Killed an orange demon
  9747 | D:8      | Reached XP level 10. HP: 82/90 MP: 9/9
 10105 | D:8      | Found an opulent altar of Gozag.
 10170 | D:8      | Noticed Pikel
 10197 | D:7      | Killed Pikel
 10277 | D:8      | Found an ornate altar of the Wu Jian Council.
 10277 | D:8      | Found an iron altar of Okawaru.
 10283 | D:8      | Became a worshipper of Warmaster Okawaru
 10337 | D:9      | Noticed Psyche
 10407 | D:9      | Killed Psyche
 10408 | D:9      | Reached skill level 12 in Long Blades
 10826 | D:9      | Noticed a two-headed ogre
 10832 | D:9      | Killed a two-headed ogre
 10832 | D:9      | Reached * piety under Okawaru
 10833 | D:9      | Reached skill level 10 in Armour
 10993 | D:9      | Noticed a two-headed ogre
 11003 | D:9      | Killed a two-headed ogre
 11003 | D:9      | Reached ** piety under Okawaru
 11004 | D:9      | Reached skill level 13 in Long Blades
 11167 | D:9      | Found a basalt altar of Yredelemnul.
 11181 | D:9      | Noticed a manticore
 11187 | D:9      | Killed a manticore
 11456 | D:9      | Found an ancient bone altar of Kikubaaqudgha.
 11456 | D:9      | Found a shadowy altar of Dithmenos.
 11495 | D:9      | Found a stormy altar of Qazlal.
 11641 | D:10     | Entered Level 10 of the Dungeon
 11667 | D:10     | Found a white marble altar of Elyvilon.
 11718 | D:10     | Reached XP level 11. HP: 69/97 MP: 10/10
 12166 | D:10     | Found a sparkling altar of Nemelex Xobeh.
 12169 | D:10     | Found a staircase to the Orcish Mines.
 12226 | D:10     | Reached *** piety under Okawaru
 12339 | D:10     | Reached skill level 1 in Evocations
 13063 | D:11     | Found a staircase to the Lair.
 13063 | D:11     | Noticed an oklob plant
 13081 | D:11     | Killed an oklob plant
 13081 | D:11     | Reached **** piety under Okawaru
 13451 | D:11     | Identified the +0 helmet "Plog" {rElec rPois rN++ Stlth-}
 13712 | Lair:1   | Entered Level 1 of the Lair of Beasts
 13746 | Lair:1   | You are sucked into a shaft and drop 1 floor!
 13778 | Lair:2   | Found a dark tunnel.
 13783 | Volcano  | Entered a volcano
 13789 | Volcano  | Noticed a wizard
 13794 | Volcano  | Killed a wizard
 13795 | Volcano  | Reached skill level 1 in Stealth
 13804 | Volcano  | Reached skill level 14 in Long Blades
 13809 | Volcano  | Reached skill level 10 in Fighting
 13854 | Volcano  | Noticed a wizard
 13859 | Volcano  | Killed a wizard
 13859 | Volcano  | Reached ***** piety under Okawaru
 13869 | Volcano  | Noticed a wizard
 13875 | Volcano  | Killed a wizard
 13930 | Volcano  | Noticed a +1 mace of flaming
 13939 | Volcano  | Killed a +1 mace of flaming
 14063 | Volcano  | Noticed a wizard
 14063 | Volcano  | Noticed a wizard
 14078 | Volcano  | Received a gift from Okawaru
 14082 | Abyss:2  | Cast into level 2 of the Abyss (a wizard)
 14179 | Abyss:2  | Reached skill level 1 in Invocations
 14210 | Abyss:2  | Reached XP level 12. HP: 64/108 MP: 11/11
 14292 | Abyss:2  | Slain by a thrashing horror

Illustrated notes

Levels and vault maps discovered:
D:1:      ncdulo_smallfort, layout_loops_ring, shapermc_ecumenical_altar_venn,
          serial_forest, infiniplex_forest_zigzag_1,
          infiniplex_forest_straight_1, infiniplex_forest_clump_small,
          infiniplex_forest_straight_2, infiniplex_forest_clump_small
D:2:      layout_rooms, serial_corexii_hall, corexii_hall_statues_u,
          chequers_hall_statues_corner_a, corexii_hall_statues_i,
          chequers_hall_statues_y, serial_park_tiny_1, uniq_terence
D:3:      layout_loops_ring, gammafunk_ghost_nasty_kobolds, serial_glass,
          glass_columns_a, glass_columns_a, uniq_jessica,
          uniq_crazy_yiuf_cottage
D:4:      gammafunk_wand_slinger, layout_loops_cross, solitary_fountain
D:5:      layout_loops_ring, minmay_temple_entry_fiery
D:6:      layout_cave_pools, trog_book, minmay_a_box_with_orc_wizards_in_it,
          uniq_grinder, uniq_blork_the_orc, uniq_maggie
D:7:      layout_loops_cross, lemuel_round_altar, enter_bailey_4, serial_shops,
          kennysheep_little_box, uniq_duvessa
D:8:      layout_gridville, grunt_gozag_breadcrumbs,
          gammafunk_temple_overflow_wave, uniq_pikel, uniq_amaemon
D:9:      layout_irregular_city, nicolae_qazlal_eye_of_the_storm,
          gammafunk_temple_overflow_elements, mainiacjoe_overflow_tiny_flanked,
          grunt_decor_arrowhead, uniq_psyche
D:10:     layout_roguey, nicolae_elyvilon_peaceful_grove,
          nemelex_xobeh_ov_fountains_minmay
D:11:     layout_loops_ring, dpeg_oklobed_lair, dk_vineyard_3, kennysheep_nub
Temple:   bh_familiar_temple
Lair:1:   layout_layer_cave, chequers_serial_rivers_large_a,
          lemuel_fruit_fields, grunt_megastairs_5, uniq_urug, uniq_joseph
Lair:2:   layout_gridlike, nicolae_volcano_entry_lava_flow,
          minmay_shattered_shrine, infiniplex_staircase_pool, uniq_harold
Abyss:2:  base: D:14, hangedman_eye_storm, evilmike_abyss_exit_17
Volcano:  volcano_bunker

Skill      XL: |  1  2  3  4  5  6  7  8  9 10 11 |
---------------+----------------------------------+-----
Shields        | 4 5 6 7 9 |  9.3
Fighting       | 4 5 7 8 9 10 | 10.6
Armour         | 4 5 6 7 9 10 12 | 12.1
Long Blades    | 3 4 5 6 7 9 11 13 14 | 14.7
Dodging        | 1 3 4 |  4.3
Evocations     | 1 |  1.2
Stealth        | 1 |  1.1
Invocations    | 1 |  1.1
Unarmed Combat | |  0.2

Action                   |  1- 3 |  4- 6 |  7- 9 | 10-12 || total
-------------------------+-------+-------+-------+-------++-------
Melee: Long sword        |    75 |   226 |   147 |       ||   448
       Headbutt          |    12 |    53 |    57 |   103 ||   225
       Scimitar          |       |       |   230 |   337 ||   567
       Unarmed           |       |       |       |     1 ||     1
Invok: Heroism           |       |       |       |     4 ||     4
Evoke: Wand              |       |       |       |     5 ||     5
  Use: Potion            |       |     3 |     5 |     1 ||     9
       Scroll            |       |     2 |     3 |     4 ||     9
Armor: Scale mail        |    50 |    23 |       |       ||    73
       Chain mail        |       |    41 |   198 |   119 ||   358
       Plate armour      |       |       |       |    45 ||    45
Dodge: Dodged            |    31 |    52 |   134 |   123 ||   340
Block: Buckler           |    17 |    38 |    83 |    84 ||   222
